AoeStats
← Carlangasmotta

Arena

509744963Analyzed
2v2 RM · 5d ago on Sep 27, 2026· 72m 54s· 4 players
Game mode
Random Map
Map size
Medium (4 player)
Population
200
Speed
Normal
Resources
Standard
Victory
Conquest
Starting age
Dark Age
Ending age
Imperial Age
RankedLock teamsTeams togetherTeam positionsShared explorationLock speedFull tech treeHidden civsTurbo modeCheats
Victory
Defeat
🇦🇷 Mongols · Argentina
888
+38
🇦🇷 Saracens · Argentina
699
+49
🇨🇱 Spanish · Chile
805
-44
🇨🇱 Japanese · Chile
805
-44
Carlangasmotta
0:35 Loom
12:58 Feudal Age
14:15 Wheelbarrow
13:46 Double-Bit Axe
14:31 Horse Collar
17:02 Town Watch
19:55 Castle Age
18:28 Gold Mining
19:51 Stone Mining
21:13 Hand Cart
21:00 Heavy Plow
21:26 Bow Saw
27:58 Gold Shaft Mining
32:45 Imperial Age
33:16 Ballistics
32:53 Murder Holes
33:29 Elite Mameluke
34:35 Conscription
34:51 Hoardings
34:31 Town Patrol
35:51 Two-Man Saw
35:43 Forging
36:40 Caravan
37:42 Onager
40:02 Iron Casting
39:36 Scale Barding Armor
39:19 Capped Ram
44:25 Siege Ram
48:21 Chemistry
47:18 Murder Holes
47:44 Ballistics
47:35 Masonry
47:32 Siege Engineers
50:16 Blast Furnace
49:37 Chain Barding Armor
56:37 Fortified Wall
moto2506
6:12 Loom
8:10 Feudal Age
10:35 Wheelbarrow
20:01 Castle Age
18:12 Horse Collar
23:15 Double-Bit Axe
28:01 Husbandry
30:04 Bow Saw
34:40 Hand Cart
35:22 Scale Barding Armor
36:25 Chain Barding Armor
36:05 Padded Archer Armor
35:57 Fletching
37:55 Bloodlines
38:13 Stone Mining
38:14 Gold Mining
40:28 Leather Archer Armor
40:09 Bodkin Arrow
47:15 Imperial Age
45:25 Forging
47:09 Gold Shaft Mining
46:12 Light Cavalry
47:22 Heavy Cavalry Archer
48:06 Bracer
48:31 Ballistics
50:07 Parthian Tactics
50:19 Hussar
55:23 Iron Casting
54:39 Heavy Scorpion
58:34 Drill
62:13 Man-at-Arms
62:13 Pikeman
62:54 Squires
pensandobrigido1
11:22 Loom
13:20 Feudal Age
14:23 Double-Bit Axe
14:20 Horse Collar
15:52 Wheelbarrow
19:11 Castle Age
18:59 Scale Barding Armor
18:55 Padded Archer Armor
18:58 Fletching
20:45 Hand Cart
21:38 Gold Mining
21:39 Stone Mining
22:40 Husbandry
27:24 Bloodlines
28:38 Heavy Plow
29:48 Town Watch
35:41 Chain Barding Armor
35:54 Leather Archer Armor
35:35 Bodkin Arrow
37:41 Bow Saw
40:34 Imperial Age
38:59 Stone Shaft Mining
39:21 Ballistics
42:09 Elite Conquistador
62:15 Plate Barding Armor
62:11 Ring Archer Armor
61:41 Bracer
62:36 Supremacy
61:48 Cavalier
el 3.14chula
11:32 Feudal Age
13:06 Double-Bit Axe
16:14 Horse Collar
16:57 Gold Mining
20:26 Castle Age
22:34 Stone Mining
23:15 Forging
23:06 Scale Mail Armor
24:47 Pikeman
29:11 Iron Casting
30:35 Chain Mail Armor
38:18 Wheelbarrow
37:37 Loom
44:27 Hand Cart
48:50 Imperial Age
50:07 Onager
52:22 Blast Furnace
51:52 Plate Mail Armor
51:55 Elite Samurai
67:45 Heavy Scorpion
Connection lost

Rejoining the realm…

Still unreachable

The connection could not be restored.

Session expired

The server has moved on; the page needs a fresh start.